 Dungeon Crawl Stone Soup version 0.25-a0-1133-g93ebf739aa (webtiles) character file.

Game seed: 14755088801765693768, levelgen mode: classic

20 Amnesiac the Vexing (level 2, 0/24 HPs)
             Began as a Deep Elf Arcane Marksman on May 21, 2020.
             Succumbed to an adder's poison
             ... on level 1 of the Dungeon.
             The game lasted 00:01:29 (754 turns).

Amnesiac the Vexing (Deep Elf Arcane Marksman)       Turns: 754, Time: 00:01:29

Health: 0/24       AC: 21    Str:  7    XL:     2   Next: 58%
Magic:  2/6        EV:  2    Int: 17    God:
Gold:   28         SH:  0    Dex: 15    Spells: 1/4 levels left

rFire    . . .     SeeInvis .   a - +0 shortbow
rCold    . . .     Gourm    .   (shield currently unavailable)
rNeg     + + +     Faith    .   (armour currently unavailable)
rPois    +         Spirit   .   (helmet currently unavailable)
rElec    .         Reflect  .   (cloak currently unavailable)
rCorr    .         Harm     .   (gloves currently unavailable)
MR       .....     NoTele   +   (boots currently unavailable)
Stlth    +.........             (no amulet)
HPRegen  0.08/turn              (no ring)
MPRegen  0.10/turn              (no ring)

@: lethally poisoned (0 -> -6), tree-form
A: no striking features
a: no special abilities


You were on level 1 of the Dungeon.
You were not hungry.
You were a tree.
You visited 1 branch of the dungeon, and saw 2 of its levels.

You collected 28 gold pieces.

Inventory:

Hand Weapons
 a - a +0 shortbow (weapon)
Missiles
 c - 19 stones
 d - 24 arrows (quivered)
Armour
 e - a +0 robe (melded)
 h - a +0 ring mail
Scrolls
 b - a scroll of noise {!r, unknown}
 g - a scroll of teleportation {!r, unknown}
 j - a scroll of identify {!r, unknown}
 k - a scroll of remove curse {!r, unknown}
Comestibles
 f - a ration
 l - 4 chunks of flesh


   Skills:
 + Level 1.4 Fighting
 - Level 3.0 Bows
 - Level 2.4 Dodging
 - Level 1.5 Spellcasting
 - Level 4.0 Hexes


You had one spell level left.
You knew the following spells:

 Your Spells              Type           Power        Failure   Level  Hunger
a - Corona                Hex            ##.....      4%          1    ##.....
e - Slow                  Hex            ##......     6%          2    ###....

Your spell library contained the following spells:

 Spells                   Type           Power        Failure   Level  Hunger
 Inner Flame              Hex/Fire       #.......     26%         3    ####...
 Portal Projectile        Hex/Tloc       #.....       26%         3    ####...
 Cause Fear               Hex            ##........   36%         4    #####..
 Leda's Liquefaction      Hex/Erth       #.........   65%         4    #####..


Dungeon Overview and Level Annotations

Branches:
Dungeon (2/15)

Altars:


Message History

Confirm with . or Enter, or press ? or * to list all spells.
Aiming: Slow (safe; 6% risk of failure)
Press: ? - help, Shift-Dir - straight line, f - adder
Aim: an adder (lightly wounded, softly glowing, chance to defeat MR: 60%)
The adder seems to slow down.
The adder misses you.
Firing (i - inventory. (/) - cycle)
d - 31 arrows (quivered)
Press: ? - help, Shift-Dir - straight line, f/p - adder
Aim: an adder (slow, softly glowing)
You shoot an arrow. The arrow hits the adder.
The adder is heavily wounded.
The adder closely misses you.
Firing (i - inventory. (/) - cycle)
d - 30 arrows (quivered)
Press: ? - help, Shift-Dir - straight line, f/p - adder
Aim: an adder (heavily wounded, slow, softly glowing)
You shoot an arrow.
The arrow hits the adder but does no damage.
The adder is heavily wounded.
The adder bites you.
Firing (i - inventory. (/) - cycle)
d - 29 arrows (quivered)
Press: ? - help, Shift-Dir - straight line, f/p - adder
Aim: an adder (heavily wounded, slow, softly glowing)
You shoot an arrow.
The arrow hits the adder but does no damage.
The adder is heavily wounded.
The adder bites you.
You are poisoned.
The adder poisons you!
Firing (i - inventory. (/) - cycle)
d - 28 arrows (quivered)
Press: ? - help, Shift-Dir - straight line, f/p - adder
Aim: an adder (heavily wounded, slow, softly glowing)
You shoot an arrow. The arrow hits the adder.
The adder is heavily wounded.
You feel sick.
The adder stops glowing.
The adder bites you.
* * * LOW HITPOINT WARNING * * *
You are more poisoned.
The adder poisons you!
Firing (i - inventory. (/) - cycle)
d - 27 arrows (quivered)
Press: ? - help, Shift-Dir - straight line, f/p - adder
Aim: an adder (heavily wounded, slow)
You shoot an arrow. The arrow barely misses the adder.
* * * LOW HITPOINT WARNING * * *
You feel sick. The adder misses you.
Firing (i - inventory. (/) - cycle)
d - 26 arrows (quivered)
Press: ? - help, Shift-Dir - straight line, f/p - adder
Aim: an adder (heavily wounded, slow)
You shoot an arrow. The arrow hits the adder.
The adder is severely wounded.
* * * LOW HITPOINT WARNING * * *
You feel sick. The adder barely misses you.
Really quaff
i - a green potion {!q}?
It was a potion of lignification {!q}.
You turn into a tree.
Your roots penetrate the ground.
The adder bites you but does no damage.
Firing (i - inventory. (/) - cycle)
d - 25 arrows (quivered)
Press: ? - help, Shift-Dir - straight line, f/p - adder
Aim: an adder (severely wounded, slow)
You shoot an arrow. The arrow hits the adder.
You kill the adder!
* * * LOW HITPOINT WARNING * * *
You feel sick.
You cannot move.
You aren't carrying any potions.
Okay, then.
There is a lethal amount of poison in your body!
You die...

#.......#.#.#.#
#########.#...##
##...#....##...#
.....#.#####.#.#
.....#.# #.#.##
.....'.# #....#
.....########'#.##
.....####......(.#
.....'..........♣#
.....####.......##
.....####.......#
.......##.......#
.......##.......######
##.....##............#
#.....#############.#
##...## #.## #...#
#..#


There were no monsters in sight!

Vanquished Creatures
  An adder (D:1)
  A dart slug (D:1)
  A giant cockroach (D:1)
  2 kobolds (D:1)
  A ball python (D:1)
  2 frilled lizards (D:1)
  2 goblins (D:1)
10 creatures vanquished.

Notes
Turn   | Place    | Note
-------+----------+-------------------------------------------
     0 | D:1      | Amnesiac the Deep Elf Arcane Marksman began the quest for
                  | the Orb.
     0 | D:1      | Reached XP level 1. HP: 11/11 MP: 5/5
   241 | D:1      | Reached skill level 1 in Fighting
   392 | D:1      | Reached XP level 2. HP: 8/16 MP: 4/6
   556 | D:1      | Learned a level 2 spell: Slow
   753 | D:1      | HP: 1/24 [poisoned by an adder]
   754 | D:1      | Succumbed to an adder's poison

Illustrated notes

Levels and vault maps discovered:
D:1:      scummos_arrival_gate, layout_basic, serial_corexii_hall,
          corexii_hall_statues_l, corexii_hall_statues_deadend,
          corexii_hall_statues_x, chequers_hall_statues_wall_a,
          minmay_misc_feat_ornament
D:2:      layout_loops_ring, fedhas_altar_2

Skill      XL: |  1 |
---------------+----+-----
Fighting       | 1 |  1.4
Bows           | 3 |  3.0
Dodging        | |  2.4
Spellcasting   | |  1.5
Hexes          | |  4.0

Action                   || total
-------------------------++-------
 Fire: Shortbow          ||    38
 Cast: Corona            ||     9
       Slow              ||     2
  Use: Potion            ||     1
Armor: Robe              ||     1
       Skin              ||     1
Dodge: Dodged            ||    12

Table legend:
 A = Non-vault XP
 B = Vault XP
 C = Vault XP percentage of total XP
 D = Non-vault monster count
 E = Vault monster count
 F = Vault count percentage of total count
                 A         B        C        D         E       F
            +---------+---------+-------+---------+---------+-------
      Total |      29 |       0 |   0.0 |      10 |       0 |   0.0
            +---------+---------+-------+---------+---------+-------
        D:1 |      29 |       0 |   0.0 |      10 |       0 |   0.0
            +---------+---------+-------+---------+---------+-------
